 Dungeon Crawl Stone Soup version 0.26-a0-964-g69f9a3b9e2 (webtiles) character file.

Game seed: 16409090923570943746

3 mnbvcxz the Charlatan (level 1, -2/15 HPs)
             Began as a Mummy Artificer on Dec 3, 2020.
             Slain by a rat (3 damage)
             ... on level 1 of the Dungeon.
             The game lasted 00:05:03 (208 turns).

mnbvcxz the Charlatan (Mummy Artificer)              Turns: 208, Time: 00:05:03

Health: -2/15      AC:  3    Str: 15    XL:     1   Next: 41%
Magic:  1/1        EV: 11    Int: 10    God:
Gold:   13         SH:  0    Dex: 12    Spells: 0/0 levels left

rFire    x . .     SeeInvis .   a - +0 club
rCold    + . .     Faith    .   (no shield)
rNeg     + + +     Spirit   .   b - +0 leather armour
rPois    ∞         Reflect  .   (no helmet)
rElec    .         Harm     .   (no cloak)
rCorr    .         Rampage  .   (no gloves)
MR       .....                  (no boots)
Stlth    +.........             (no amulet)
HPRegen  0.05/turn              (no ring)
MPRegen  0.07/turn              (no ring)

@: no status effects
A: no potions, fire vulnerability, cold resistance 1, negative energy resistance
3, torment resistance, unbreathing
a: no special abilities


You were on level 1 of the Dungeon.
You visited 1 branch of the dungeon, and saw 1 of its levels.

You collected 13 gold pieces.

Inventory:

Hand Weapons
 a - a +0 club (weapon)
 m - a +0 club
Missiles
 g - 15 poisoned darts
 i - 3 stones
 l - 28 bolts
Armour
 b - a +0 leather armour (worn)
 h - a +0 cloak
 j - a +0 pair of gloves
 k - a +0 scale mail
Wands
 c - a wand of flame (15) (quivered)
 d - a wand of enslavement (15)
 e - a wand of random effects (15)
Scrolls
 f - a scroll of amnesia {unknown}
 n - a scroll of immolation {unknown}


   Skills:
 + Level 1.0 Fighting
 + Level 1.5 Armour
 + Level 0.7 Dodging
 + Level 0.7 Stealth
 + Level 2.6 Evocations


You couldn't memorise any spells.
You didn't know any spells.
Your spell library was empty.

Dungeon Overview and Level Annotations

Branches:
Dungeon (1/15)

Altars:


Innate Abilities, Weirdness & Mutations

You do not drink.
Your flesh is vulnerable to fire.
You are immune to poison.
Your flesh is cold resistant. (rC+)
You are immune to negative energy. (rN+++)
You are immune to unholy pain and torment.
You can survive without breathing.


Message History

The jackal misses you. The jackal closely misses you. The jackal bites you.
* * * LOW HITPOINT WARNING * * *
The jackal barely misses you. x2; The bat barely misses you.
The goblin barely misses you. The jackal barely misses you.
The jackal closely misses you.
A kobold comes into view. It is wielding a +0 whip.
You see here a jackal corpse.
There are no objects that can be picked up here. a jackal corpse The bat closely misses you.
The jackal barely misses you. The jackal bites you.
* * * LOW HITPOINT WARNING * * *
The bat barely misses you. The jackal closely misses you.
The kobold shouts!
The bat completely misses you.
The jackal bites you but does no damage. x2
The goblin barely misses you. The bat barely misses you. The rat bites you.
You die...

.......<.........#
...................# ..
..................##
...###...................
........................#
....#..................##
....................####
................##..##
........@........#...#
##...K.brh.......#...#
.......hg........##..#
#.##...h.........###.####
#...##..†...............
#.## ##.................
.. ##................. .
#................#[
....##..#######....$#


You could see 3 jackals, a goblin, a bat, a kobold and a rat.

Vanquished Creatures
  A hobgoblin (D:1)
  A jackal (D:1)
  A kobold (D:1)
3 creatures vanquished.

Notes
Turn   | Place    | Note
-------+----------+-------------------------------------------
     0 | D:1      | mnbvcxz the Mummy Artificer began the quest for the Orb.
     0 | D:1      | Reached XP level 1. HP: 15/15 MP: 1/1
   208 | D:1      | Slain by a rat

Illustrated notes

Levels and vault maps discovered:
D:1:      dpeg_arrival_tiny_a, layout_rooms

Action                   || total
-------------------------++-------
Melee: Club              ||    14
Armor: Leather armour    ||    11
Dodge: Dodged            ||    40

Table legend: (Time is in decaauts)
 A = Elapsed time spent in this place.
 B = Non-inter-level travel time spent in this place.
 C = Inter-level travel time spent in this place.
 D = Time resting spent in this place.
 E = Time spent auto-exploring this place.
 F = Levels seen in this place.
 G = Mean time per level.
                   A        B        C        D        E       F      G
               +--------+--------+--------+--------+--------+-----+--------+
         Total |    212 |     70 |    142 |      0 |      0 |   1 |  212.0 |
       Dungeon |    212 |     70 |    142 |      0 |      0 |   1 |  212.0 |
               +--------+--------+--------+--------+--------+-----+--------+

Top non-repeatable levels by time:
     D:1: 212 daAuts
